 Dungeon Crawl Stone Soup version 0.27-a0-291-gd9602db6ee (webtiles) character file.

Game seed: 3712871512432409337

675085 Mgcat the Executioner (level 27, -6/280 HPs)
             Began as an Ogre Fighter on Feb 3, 2021.
             Was the Champion of Okawaru.
             Killed from afar by an orb of fire (20 damage)
             ... with a fireball
             ... on level 5 of the Realm of Zot on Feb 9, 2021.
             The game lasted 02:32:55 (71875 turns).

Mgcat the Executioner (Ogre Fighter)               Turns: 71875, Time: 02:32:56

Health: -6/280     AC: 27    Str: 43    XL:     27
Magic:  25/28      EV: 33    Int:  7    God:    Okawaru [******]
Gold:   6349       SH: 40    Dex: 14    Spells: 26/26 levels left

rFire    + + .     SeeInvis +   s - +8 mithril axe "Arga" {speed, Will+}
rCold    + + +     Faith    .   C - +10 tower shield of Ignorance {rN+ Int-4}
rNeg     + . .     Spirit   .   W - +10 shadow dragon scales of Ysezowag {Will+ Stlth++++}
rPois    +         Reflect  .   N - +2 hat {Will+}
rElec    +         Harm     .   K - scarf {rC+ rF+}
rCorr    +         Rampage  .   (gloves unavailable)
Will     +++++                  (boots unavailable)
Stlth    +++++.....             O - amulet "Caukk" {Acrobat *Slow +Fly rPois Str+8}
HPRegen  0.00/turn              U - ring "Joral" {rC+ SInv Stlth+}
MPRegen  0.21/turn              i - ring "Saimap" {Int+2 Dex+6 Slay+3}

@: resistant, heroism, finesse, acrobat, studying 2 skills
A: large, unfitting armour, blurry vision 1, deformed body, deterioration 1,
frail 1, low mp 1, inhibited regeneration, tough skin 1, weak 1
}: 3/15 runes: decaying, serpentine, silver
a: Renounce Religion, Evoke Flight, Heroism, Finesse


You were on level 5 of the Realm of Zot.
You worshipped Okawaru.
Okawaru was exalted by your worship.
You visited 11 branches of the dungeon, and saw 53 of its levels.
You also visited: Ossuary, Gauntlet, Ice Cave and Wizlab.

You collected 11264 gold pieces.
You spent 4915 gold pieces at shops.

Inventory:

Hand Weapons
 p - a +9 spectral broad axe
   (You found it on level 3 of the Dungeon)
 s - the +8 mithril axe "Arga" (weapon) {speed, Will+}
   (You bought it in a shop on level 5 of the Dungeon)

   Attacks with this weapon are significantly faster.
   It affects your willpower, your defense against some magical effects.
Missiles
 D - 5 throwing nets {=f, !d}
 Q - 124 large rocks (quivered) {!d}
Armour
 a - a +1 cloak of poison resistance
   (You took it off a draconian annihilator on level 4 of the Realm of Zot)
 m - +8 gold dragon scales
   (You found it on level 5 of the Depths)
 C - the +10 tower shield of Ignorance (worn) {rN+ Int-4}
   (You found it on level 3 of the Crypt)

   It affects your intelligence (-4).
   It protects you from negative energy.
 K - a scarf of resistance (worn)
   (Okawaru gifted it to you on level 2 of the Snake Pit)
 N - a +2 hat of willpower (worn)
   (Okawaru gifted it to you on level 4 of the Lair of Beasts)
 W - the +10 shadow dragon scales of Ysezowag (worn) {Will+ Stlth++++}
   (You acquired it on level 13 of the Dungeon)

   It affects your willpower, your defense against some magical effects.
   It makes you much more stealthy.
Jewellery
 b - an uncursed ring of resist corrosion
   (You found it on level 2 of the Depths)
 h - a +4 ring of protection
   (You took it off Robin on level 4 of the Dungeon)
 i - the ring "Saimap" (right hand) {Int+2 Dex+6 Slay+3}
   (You found it on level 5 of the Vaults)

   [ring of dexterity]

   It affects your intelligence (+2).
   It affects your dexterity (+6).
   It affects your accuracy and damage with ranged weapons and melee attacks
   (+3).
 J - an uncursed ring of positive energy {rN+}
   (You found it on level 14 of the Dungeon)
 O - the amulet "Caukk" (around neck) {Acrobat *Slow +Fly rPois Str+8}
   (You found it in a Gauntlet)

   [amulet of the acrobat]

   It helps you evade while moving and waiting.
   It affects your strength (+8).
   It protects you from poison.
   It lets you fly.
   It may slow you when you take damage.
 U - the ring "Joral" (left hand) {rC+ SInv Stlth+}
   (You found it on level 6 of the Lair of Beasts)

   [ring of see invisible]

   It protects you from cold.
   It lets you see invisible.
   It makes you more stealthy.
Wands
 c - a wand of acid (54)
   (You found it on level 7 of the Dungeon)
 w - a wand of iceblast (105)
   (You found it on level 7 of the Dungeon)
 P - a wand of digging (9)
   (You bought it in a shop on level 2 of the Orcish Mines)
Scrolls
 f - 7 scrolls of magic mapping {!r}
 j - 28 scrolls of remove curse
 q - 28 scrolls of teleportation
 y - 2 scrolls of silence
 A - 6 scrolls of fog
 I - 4 scrolls of blinking {!r}
 L - 39 scrolls of identify
 R - 9 scrolls of fear
 V - a scroll of summoning
 Z - 2 scrolls of holy word {!r}
Potions
 d - 10 potions of might
 e - 12 potions of heal wounds
 g - a potion of resistance
 l - 5 potions of brilliance
 n - 6 potions of flight
 o - 5 potions of cancellation
 r - 6 potions of invisibility
 x - 9 potions of lignification {!q}
 z - 2 potions of berserk rage {!q}
 B - 6 potions of haste
 E - 23 potions of curing
 F - 5 potions of mutation {!q}
 G - 12 potions of ambrosia
 T - 6 potions of magic
Miscellaneous
 k - a phantom mirror
   (You found it in a wizard's laboratory)
 t - a lightning rod (4/4)
   (You found it on level 2 of the Swamp)
 v - a box of beasts (inert)
   (You found it on level 1 of the Depths)
 H - a condenser vane (inert)
   (You found it on level 13 of the Dungeon)


   Skills:
 + Level 24.9(27) Fighting
 * Level 26.5(27) Axes
 + Level 16.4(21.4) Throwing
 + Level 16.0(21.0) Armour
 + Level 14.4(19.4) Dodging
 + Level 21.4(26.4) Shields
 - Level 12.0 Invocations
 - Level 5.0 Evocations


You had 26 spell levels left.
You didn't know any spells.
Your spell library contained the following spells:

 Spells                   Type           Power        Failure   Level
 Animate Skeleton         Necr           0%           65%         1
 Apportation              Tloc           0%           65%         1
 Corona                   Hex            0%           65%         1
 Foxfire                  Conj/Fire      0%           65%         1
 Magic Dart               Conj           0%           65%         1
 Pain                     Necr           0%           65%         1
 Sandblast                Erth           0%           65%         1
 Sting                    Tmut/Pois      0%           65%         1
 Summon Small Mammal      Summ           0%           65%         1
 Blink                    Tloc           N/A          80%         2
 Call Imp                 Summ           0%           80%         2
 Corpse Rot               Necr/Air       N/A          80%         2
 Ensorcelled Hibernation  Hex/Ice        0%           80%         2
 Passwall                 Tmut/Erth      0%           80%         2
 Poisonous Vapours        Pois/Air       0%           80%         2
 Searing Ray              Conj           0%           80%         2
 Slow                     Hex            0%           80%         2
 Sublimation of Blood     Necr           0%           80%         2
 Call Canine Familiar     Summ           0%           95%         3
 Confusing Touch          Hex            0%           95%         3
 Conjure Flame            Conj/Fire      0%           95%         3
 Dazzling Flash           Conj/Hex       0%           95%         3
 Gell's Gravitas          Tloc           0%           95%         3
 Ignite Poison            Fire/Tmut/Pois 0%           95%         3
 Lesser Beckoning         Tloc           0%           95%         3
 Mephitic Cloud           Conj/Pois/Air  0%           95%         3
 Spider Form              Tmut/Pois      0%           95%         3
 Static Discharge         Conj/Air       0%           95%         3
 Stone Arrow              Conj/Erth      0%           95%         3
 Summon Guardian Golem    Hex/Summ       0%           95%         3
 Tukima's Dance           Hex            0%           95%         3
 Airstrike                Air            0%           100%        4
 Animate Armour           Summ/Erth      0%           100%        4
 Animate Dead             Necr           0%           100%        4
 Cause Fear               Hex            0%           100%        4
 Dispel Undead            Necr           0%           100%        4
 Fulminant Prism          Conj/Hex       0%           100%        4
 Ice Form                 Ice/Tmut       0%           100%        4
 Iskenderun's Mystic Bla  Conj/Tloc      0%           100%        4
 Leda's Liquefaction      Hex/Erth       0%           100%        4
 Olgreb's Toxic Radiance  Pois           0%           100%        4
 Passage of Golubria      Tloc           N/A          100%        4
 Petrify                  Tmut/Erth      0%           100%        4
 Summon Ice Beast         Ice/Summ       0%           100%        4
 Summon Lightning Spire   Summ/Air       0%           100%        4
 Agony                    Necr           0%           100%        5
 Bolt of Magma            Conj/Fire/Erth 0%           100%        5
 Borgnjor's Vile Clutch   Necr/Erth      0%           100%        5
 Excruciating Wounds      Necr           0%           100%        5
 Fireball                 Conj/Fire      0%           100%        5
 Lee's Rapid Deconstruct  Erth           0%           100%        5
 Lightning Bolt           Conj/Air       0%           100%        5
 Metabolic Englaciation   Hex/Ice        0%           100%        5
 Silence                  Hex/Air        0%           100%        5
 Yara's Violent Unravell  Hex/Tmut       0%           100%        5
 Conjure Ball Lightning   Conj/Air       0%           100%        6
 Death Channel            Necr           0%           100%        6
 Eringya's Noxious Bog    Tmut/Pois      0%           100%        6
 Freezing Cloud           Conj/Ice/Air   0%           100%        6
 Iron Shot                Conj/Erth      0%           100%        6
 Simulacrum               Ice/Necr       0%           100%        6
 Starburst                Conj/Fire      0%           100%        6
 Statue Form              Tmut/Erth      0%           100%        6
 Discord                  Hex            0%           100%        8
 Ignition                 Fire           0%           100%        8
 Shatter                  Erth           0%           100%        9
 Tornado                  Air            0%           100%        9


Dungeon Overview and Level Annotations

Branches:
Dungeon (15/15)            Temple (1/1) D:7            Lair (6/6) D:9
  Swamp (4/4) Lair:2        Snake (4/4) Lair:4        Slime (0/5) Lair:6
    Orc (2/2) D:9             Elf (3/3) Orc:2        Vaults (5/5) D:13
  Crypt (3/3) Vaults:3       Tomb (0/3) Crypt:3      Depths (5/5) D:15
    Zot (5/5) Depths:5    Ossuary (visited)           IceCv (visited)
 WizLab (visited)         Gauntlet (visited)

Altars:
Ashenzari
Cheibriados
Dithmenos
Elyvilon
Fedhas
Gozag
Hepliaklqana
Kikubaaqudgha
Makhleb
Nemelex Xobeh
Okawaru
Ru
Sif Muna
Trog
Uskayaw
Vehumet
Xom
Yredelemnul
Zin
The Shining One
Beogh

Shops:
D:4 *   D:5 ((:x!   D:10 :   D:11 :   D:13 ([=*   Orc:2 :[*(   Elf:2 !
Vaults:1 !*x**   Vaults:2 ?   Depths:3 *

Portals:
Hell: Depths:1 Depths:2 Depths:3 Depths:4 Depths:5
Abyss: Depths:4 Depths:5
Pandemonium: Depths:2 Depths:3
Ziggurat: Depths:3
Trove: Depths:1 (give 8 potions of haste)

Annotations:
D:7 1 runed translucent door, Zentennen's ghost, novice OpCj
D:10 2 transporters, tilp's ghost, novice GnDe
D:11 3 runed translucent doors, Scuka's ghost, journeyman DrTm
Lair:1 3 runed translucent doors, Cias's ghost, journeyman GnFi; bmj180's ghost, journeyman DECj
Lair:5 exclusion: oklob plant
Swamp:1 2 transporters, raph's ghost, journeyman HOFi
Swamp:3 2 transporters, Xenophilius's ghost, adept HuIE
Swamp:4 Roxanne
Snake:3 Mara
Vaults:2 1 runed translucent door, Juteq's ghost, adept GnGl
Vaults:3 Boris
Crypt:2 22 runed doors
Depths:1 exclusion: orange crystal statue
Depths:2 1 exclusion
Depths:4 3 runed translucent doors, Evulen's ghost, veteran TeCj
Zot:3 29 runed doors
Zot:5 3 runed translucent doors, ma3's ghost, legendary GnWn


Innate Abilities, Weirdness & Mutations

You are too large for most types of armour.
You have tough skin. (AC +1)
Scrolls take you a little longer to read.
Armour fits poorly on your strangely shaped body.
Your body sometimes deteriorates upon taking damage.
You are frail. (-10% HP)
Your magical capacity is low. (-10% MP)
You do not regenerate when monsters are visible.
You are weak. (Str -2)


Message History

Unknown command.
Warning x3: The orb of fire can cast Fireball and Bolt of Fire, and mutate you!
You are not wearing rMut! x3
Unknown command.
Warning x3: The orb of fire can cast Fireball and Bolt of Fire, and mutate you!
You are not wearing rMut! x3
Unknown command.
Warning x3: The orb of fire can cast Fireball and Bolt of Fire, and mutate you!
You are not wearing rMut! x3
Unknown command.
Warning x3: The orb of fire can cast Fireball and Bolt of Fire, and mutate you!
You are not wearing rMut! x3
Unknown command.
Warning x3: The orb of fire can cast Fireball and Bolt of Fire, and mutate you!
You are not wearing rMut! x3
Unknown command.
Warning x3: The orb of fire can cast Fireball and Bolt of Fire, and mutate you!
You are not wearing rMut! x3
Unknown command.
Warning x3: The orb of fire can cast Fireball and Bolt of Fire, and mutate you!
You are not wearing rMut! x3
Unknown command.
Warning x3: The orb of fire can cast Fireball and Bolt of Fire, and mutate you!
You are not wearing rMut! x3
Unknown command.
Warning x3: The orb of fire can cast Fireball and Bolt of Fire, and mutate you!
You are not wearing rMut! x3
Unknown command.
Warning x3: The orb of fire can cast Fireball and Bolt of Fire, and mutate you!
You are not wearing rMut! x3
Unknown command.
Warning x3: The orb of fire can cast Fireball and Bolt of Fire, and mutate you!
You are not wearing rMut! x3
Unknown command.
Warning x3: The orb of fire can cast Fireball and Bolt of Fire, and mutate you!
You are not wearing rMut! x3
Unknown command.
Warning x3: The orb of fire can cast Fireball and Bolt of Fire, and mutate you!
You are not wearing rMut! x3
Okay, then.
Warning x3: The orb of fire can cast Fireball and Bolt of Fire, and mutate you!
You are not wearing rMut! x3
Unknown command.
Warning x3: The orb of fire can cast Fireball and Bolt of Fire, and mutate you!
You are not wearing rMut! x3
Unknown command.
Warning x3: The orb of fire can cast Fireball and Bolt of Fire, and mutate you!
You are not wearing rMut! x3
Warning x3: The orb of fire can cast Fireball and Bolt of Fire, and mutate you!
You are not wearing rMut! x3
Unknown command.
Warning x3: The orb of fire can cast Fireball and Bolt of Fire, and mutate you!
You are not wearing rMut! x3
Saving game... please wait.
Level annotation: 3 runed translucent doors, ma3's ghost, legendary GnWn Options error: Bad object type '%}\|' for autopickup. (~/.crawlrc:1972) Welcome back, Mgcat the Ogre Fighter.
Okawaru says: Bring me glory in combat!
Press ? for a list of commands and other information.
Warning x3: The orb of fire can cast Fireball and Bolt of Fire, and mutate you!
You are not wearing rMut! x3
Unknown command.
Warning x3: The orb of fire can cast Fireball and Bolt of Fire, and mutate you!
You are not wearing rMut! x3
Unknown command.
Warning x3: The orb of fire can cast Fireball and Bolt of Fire, and mutate you!
You are not wearing rMut! x3
Unknown command.
Warning x3: The orb of fire can cast Fireball and Bolt of Fire, and mutate you!
You are not wearing rMut! x3
Unknown command.
Warning x3: The orb of fire can cast Fireball and Bolt of Fire, and mutate you!
You are not wearing rMut! x3
Unknown command.
Warning x3: The orb of fire can cast Fireball and Bolt of Fire, and mutate you!
You are not wearing rMut! x3
Unknown command.
Warning x3: The orb of fire can cast Fireball and Bolt of Fire, and mutate you!
You are not wearing rMut! x3
Unknown command.
Warning x3: The orb of fire can cast Fireball and Bolt of Fire, and mutate you!
You are not wearing rMut! x3
Unknown command.
Warning x3: The orb of fire can cast Fireball and Bolt of Fire, and mutate you!
You are not wearing rMut! x3
Unknown command.
Warning x3: The orb of fire can cast Fireball and Bolt of Fire, and mutate you!
You are not wearing rMut! x3
Unknown command.
Warning x3: The orb of fire can cast Fireball and Bolt of Fire, and mutate you!
You are not wearing rMut! x3
Unknown command.
Warning x3: The orb of fire can cast Fireball and Bolt of Fire, and mutate you!
You are not wearing rMut! x3
Unknown command.
Warning x3: The orb of fire can cast Fireball and Bolt of Fire, and mutate you!
You are not wearing rMut! x3
Unknown command.
Warning x3: The orb of fire can cast Fireball and Bolt of Fire, and mutate you!
You are not wearing rMut! x3
Unknown command.
Warning x3: The orb of fire can cast Fireball and Bolt of Fire, and mutate you!
You are not wearing rMut! x3
Unknown command.
Warning x3: The orb of fire can cast Fireball and Bolt of Fire, and mutate you!
You are not wearing rMut! x3
Unknown command.
Warning x3: The orb of fire can cast Fireball and Bolt of Fire, and mutate you!
You are not wearing rMut! x3
Unknown command.
Warning x3: The orb of fire can cast Fireball and Bolt of Fire, and mutate you!
You are not wearing rMut! x3
Unknown command.
Warning x3: The orb of fire can cast Fireball and Bolt of Fire, and mutate you!
You are not wearing rMut! x3
Unknown command.
Warning x3: The orb of fire can cast Fireball and Bolt of Fire, and mutate you!
You are not wearing rMut! x3
Unknown command.
Warning x3: The orb of fire can cast Fireball and Bolt of Fire, and mutate you!
You are not wearing rMut! x3
Unknown command.
Warning x3: The orb of fire can cast Fireball and Bolt of Fire, and mutate you!
You are not wearing rMut! x3
Unknown command.
Warning x3: The orb of fire can cast Fireball and Bolt of Fire, and mutate you!
You are not wearing rMut! x3
Unknown command.
Warning x3: The orb of fire can cast Fireball and Bolt of Fire, and mutate you!
You are not wearing rMut! x3
Unknown command.
Warning x3: The orb of fire can cast Fireball and Bolt of Fire, and mutate you!
You are not wearing rMut! x3
Unknown command.
Warning x3: The orb of fire can cast Fireball and Bolt of Fire, and mutate you!
You are not wearing rMut! x3
Unknown command.
Warning x3: The orb of fire can cast Fireball and Bolt of Fire, and mutate you!
You are not wearing rMut! x3
The Killer Klown is engulfed in noxious fumes.
The Killer Klown sucker-punches your tentacled monstrosity with a +12 club of freezing!!
The Killer Klown freezes your tentacled monstrosity.
The orb of fire glows yellow.
The fireball explodes!
The fireball engulfs you!! You resist.
You die...

#########.## #...#.......
#.#....#...#
################▓▓▓▓##
##...........^..## #.
##................## ##
##..................## #
#(.............^.....# #
#.......@...........^#
#.....*.X..........^.# #
#......**.......^.^..# #
#....XH§§............# ##
#.^..p°§§............###.
##...§§§..^.........###..
##..§§§§§§..^.....##....
##§§§.§§§............##
▓▓§§.§§##▓▓▓▓▓▓▓▓▓▓▓#


You could see 3 orbs of fire, a Killer Klown, 2 friendly tentacled monstrosities
and a friendly sphinx (summoned).

Vanquished Creatures
  2 dread liches
  2 orbs of fire
  An ancient lich (Vaults:5)
  Bai Suzhen (Swamp:4)
  A Killer Klown (Zot:5)
  2 curse toes (Zot:2)
  Vashnia (Snake:3)
  Saint Roka (Depths:4)
  11 golden dragons
  Nikola (Depths:1)
  the Enchantress (Depths:1)
  An electric golem (Zot:5)
  15 tentacled monstrosities
  A Cloud Mage (WizLab)
  13 Orb Guardians (Zot:5)
  Jorgrun (Swamp:2)
  Asterion (Depths:2)
  5 liches
  4 titans
  A deep elf blademaster (Elf:3)
  9 quicksilver dragons
  2 deep elf master archers (Elf:3)
  8 death cobs
  An ancient champion (Crypt:1)
  The ghost of Nahar the Peltast, an adept DDFi of Makhleb (Snake:2)
  Donald (Snake:3)
  Kirke (Lair:6)
  3 sphinxes
  7 draconian monks
  A thorn hunter (Swamp:3)
  13 storm dragons
  7 nagarajas
  14 shadow dragons
  9 tengu reavers
  6 frost giants
  4 fenstrider witches
  2 revenants
  9 fire giants
  6 draconian scorchers
  A curse skull (Crypt:2)
  A cacodemon (Depths:3)
  12 deep elf sorcerers
  8 draconian knights
  4 iron dragons
  10 draconian shifters
  15 vault wardens
  3 ghost moths
  2 orc warlords (Orc:2)
  A balrug (Depths:1)
  5 deep elf elementalists
  14 ironheart preservers
  11 ghouls
  5 draconian annihilators
  2 war gargoyles (Vaults:5)
  4 draconian stormcallers
  17 stone giants
  4 spriggan defenders
  3 reapers
  2 vampire knights
  13 green draconians
  4 deep elf demonologists
  8 black draconians
  Nessos (Lair:5)
  15 very ugly things
  5 entropy weavers
  A minotaur (Gauntlet)
  12 purple draconians
  10 white draconians
  11 deep elf annihilators
  10 spark wasps
  A dire elephant (Lair:6)
  22 red draconians
  14 yellow draconians
  Snorg (D:12)
  2 bunyips
  12 deep elf death magi
  A blizzard demon (WizLab)
  13 ettins
  A merfolk javelineer (Depths:2)
  7 eleionomae
  11 eidola
  A mummy priest (Crypt:3)
  A death ooze (Gauntlet)
  A quicksilver dragon zombie (Crypt:3)
  14 yaktaur captains
  Josephine (D:11)
  11 fire dragons
  A fire dragon (shapeshifter) (Vaults:5)
  A jiangshi (Crypt:1)
  A crystal guardian (Vaults:4)
  2 merfolk impalers
  9 deep elf high priests
  6 great orbs of eyes
  Harold (D:8)
  12 ice dragons
  2 quicksilver dragon skeletons
  4 rakshasas
  30 vault guards
  15 naga warriors
  9 spriggan air magi
  5 boulder beetles
  A catoblepas (Lair:6)
  9 ghost crabs
  13 hydras
  10 ogre magi
  24 two-headed ogres
  7 centaur warriors
  7 anacondas
  37 dancing weapons
  9 alligators
  2 death knights
  7 death yaks
  4 deep troll shamans
  7 tengu warriors
  4 deep troll earth magi (Depths:4)
  2 vampire magi
  A titan zombie (Crypt:3)
  23 naga sharpshooters
  3 spriggan berserkers
  Urug (Lair:5)
  17 hell knights
  2 orc high priests
  2 shock serpents (Snake:2)
  2 sun demons (Depths:1)
  25 deep elf knights
  A titan skeleton (Crypt:3)
  6 skeletal warriors
  9 soul eaters
  3 golden dragon zombies
  16 spriggans
  4 salamander mystics
  3 iron trolls
  2 shadow wraiths
  A storm dragon skeleton (Crypt:3)
  An infernal demonspawn (Depths:2)
  4 goliath frogs
  3 unseen horrors
  A spectral anaconda (Snake:2)
  3 death drakes
  18 deep trolls
  6 spriggan druids
  8 glowing orange brains
  7 swamp dragons
  An anaconda zombie (Crypt:3)
  11 bog bodies
  7 flayed ghosts
  7 wizards
  A lindwurm (Snake:2)
  2 shadow dragon zombies
  2 glowing orange brains (shapeshifter)
  An iron giant skeleton (Crypt:2)
  7 naga ritualists
  21 deep elf archers
  18 phantasmal warriors
  25 deep elf pyromancers
  36 deep elf zephyrmancers
  18 necromancers
  2 orb spiders (shapeshifter)
  Pikel (D:5)
  4 harpies
  4 orc sorcerers
  13 ironbrand convokers
  14 orc knights
  2 wolf spider zombies
  A frost giant zombie (Crypt:3)
  9 wolf spiders
  A stone giant zombie (Crypt:1)
  7 will-o-the-wisps
  12 mana vipers
  14 salamanders
  A sphinx skeleton (Vaults:5)
  33 ugly things
  3 shadow dragon skeletons
  8 cyclopes
  5 manticores
  An iron dragon skeleton (Crypt:3)
  4 fire giant zombies
  35 moths of wrath
  A fire giant skeleton (Crypt:3)
  7 elephants (Lair:6)
  6 guardian serpents
  A frost giant skeleton (Crypt:2)
  Joseph (Lair:1)
  30 naga magi
  A molten gargoyle (Depths:3)
  A smoke demon (Depths:2)
  34 black mambas
  3 apocalypse crabs
  2 ice statues (IceCv)
  2 dire elephant zombies
  9 vault sentinels
  A guardian serpent (shapeshifter) (Depths:3)
  3 gargoyles (D:14)
  3 orange demons
  A cane toad (shapeshifter) (Vaults:2)
  A titan simulacrum (Vaults:5)
  11 cane toads
  2 torpor snails (shapeshifter)
  7 rime drakes
  An efreet (D:15)
  A tormentor (Depths:2)
  8 freezing wraiths
  9 komodo dragons
  A komodo dragon (shapeshifter) (Vaults:2)
  A yaktaur (shapeshifter) (Vaults:1)
  A catoblepas skeleton (Crypt:1)
  38 yaktaurs
  An anaconda simulacrum (Snake:2)
  A hydra zombie (Crypt:3)
  2 guardian mummies
  16 hellwings
  5 tengu conjurers
  A white draconian skeleton (Crypt:1)
  9 polar bears
  A queen bee (D:10)
  2 bloated husks (Swamp:1)
  5 red devils
  A queen ant zombie (Crypt:2)
  17 hornets
  3 meliai (D:13)
  A queen bee (shapeshifter) (Vaults:1)
  10 tyrant leeches
  9 trolls
  A raiju (shapeshifter) (Vaults:3)
  4 wind drakes (WizLab)
  26 slime creatures
  A spectral guardian serpent (Snake:2)
  A wolf spider simulacrum (Crypt:2)
  10 dream sheep
  Grinder (D:5)
  An ettin zombie (Crypt:3)
  17 blink frogs
  2 harpy skeletons
  2 fire dragon zombies (Crypt:3)
  An alligator zombie (Crypt:3)
  A deep troll zombie (D:15)
  8 air elementals
  Sigmund (D:2)
  2 spriggan skeletons (D:15)
  An ushabti (Crypt:3)
  A dire elephant simulacrum (Crypt:1)
  8 redbacks
  2 spectral black mambas (Snake:2)
  4 hogs (Lair:6)
  15 water elementals
  3 wyverns
  5 basilisks
  A wyvern (shapeshifter) (Depths:3)
  9 wraiths
  3 fire elementals
  2 golden eyes (shapeshifter)
  A yak (shapeshifter) (Vaults:3)
  2 basilisks (shapeshifter)
  38 yaks
  A steam dragon (D:11)
  5 chaos spawn
  2 neqoxecs (Swamp:4)
  52 nagas
  A human simulacrum (Vaults:4)
  A soldier ant (shapeshifter) (Vaults:4)
  17 swamp worms
  2 acid dragons
  9 wargs
  3 cane toad zombies (Crypt:3)
  A merfolk skeleton (Crypt:3)
  A soldier ant (D:13)
  6 water moccasins
  44 orc warriors
  2 swamp drakes (Swamp:1)
  2 sky beasts
  A cane toad skeleton (Crypt:2)
  23 ice beasts
  2 eyes of draining (shapeshifter)
  An eye of draining (D:13)
  4 necrophages
  2 black mamba simulacra (Snake:2)
  3 black bears
  4 boggarts
  A blink frog zombie (Crypt:2)
  25 centaurs
  A snapping turtle zombie (Crypt:3)
  24 wolves
  3 snapping turtle skeletons
  A swamp dragon zombie (Crypt:3)
  32 ogres
  3 phantoms
  A rime drake zombie (Crypt:1)
  4 lemures (D:5)
  An elf zombie (Crypt:3)
  A kobold brigand (shapeshifter) (Vaults:1)
  A kobold brigand (D:6)
  2 naga simulacra (Snake:2)
  A komodo dragon skeleton (Crypt:1)
  17 bullfrogs
  3 elf skeletons
  2 earth elementals (Elf:1)
  A water moccasin skeleton (D:9)
  3 wyvern skeletons (Crypt:3)
  4 scorpions
  A spectral naga (Snake:2)
  11 jellies
  28 killer bees
  14 wights
  A queen bee zombie (Crypt:1)
  8 electric eels
  4 howler monkeys
  5 centaur zombies
  2 human zombies
  A black bear zombie (Crypt:2)
  13 hounds
  2 bullfrog zombies
  30 orc priests
  2 bullfrog skeletons
  5 centaur skeletons
  2 iguanas
  Terence (D:3)
  39 orc wizards
  5 worker ants
  2 human skeletons (D:8)
  A killer bee zombie (Crypt:1)
  2 kobold brigand zombies (Ossuary)
  4 mummies
  A howler monkey zombie (D:8)
  A worker ant zombie (D:5)
  Robin (D:4)
  10 adders
  8 gnolls
  A shadow imp (D:7)
  3 white imps
  6 oozes
  An adder zombie (D:5)
  An adder skeleton (D:7)
  A halfling skeleton (Crypt:2)
  5 worms
  2 dart slugs
  6 leopard geckos
  122 orcs
  11 bats
  4 giant cockroaches
  13 goblins
  9 hobgoblins
  16 jackals
  5 quokkas
  10 frilled lizards
  A goblin zombie (Ossuary)
  A hobgoblin skeleton (Crypt:1)
  A hobgoblin zombie (Ossuary)
  A jackal skeleton (D:4)
  A jackal zombie (D:8)
  14 kobolds
  A kobold skeleton (Crypt:3)
  A kobold zombie (Ossuary)
  3 orc skeletons
  An orc zombie (Ossuary)
  5 rats
  A rat skeleton (Crypt:1)
2458 creatures vanquished.

Vanquished Creatures (collateral kills)
  Prince Ribbit (D:5)
1 creature vanquished.

Vanquished Creatures (others)
  A fire giant (Depths:4)
  An unseen horror (D:15)
  A necromancer (Depths:4)
  2 bloated husks
  A spriggan (Swamp:1)
  2 electric eels (D:13)
  An orc (Vaults:3)
  A quokka (D:11)
  4 bushes (D:7)
  30 foxfires
  20 fungi
  29 plants
  9 toadstools (Swamp:3)
  20 withered plants
122 creatures vanquished.

Grand Total: 2581 creatures vanquished

Notes
Turn   | Place    | Note
-------+----------+-------------------------------------------
     0 | D:1      | Mgcat the Ogre Fighter began the quest for the Orb.
     0 | D:1      | Reached XP level 1. HP: 24/24 MP: 1/1
   167 | D:1      | Reached XP level 2. HP: 29/32 MP: 2/2
   445 | D:1      | Reached XP level 3. HP: 40/40 MP: 3/3
   759 | D:1      | Reached skill level 3 in Shields
   775 | D:1      | Reached skill level 3 in Dodging
  1118 | D:2      | Found a blossoming altar of Fedhas.
  1120 | D:2      | Found a broken altar of Ashenzari.
  1120 | D:2      | Found a bloodstained altar of Trog.
  1120 | D:2      | Found a snail-covered altar of Cheibriados.
  1123 | D:2      | Found a glowing silver altar of Zin.
  1209 | D:2      | Noticed Terence
  1212 | D:2      | Noticed Sigmund
  1244 | D:3      | Killed Terence
  1245 | D:3      | Reached skill level 3 in Axes
  1245 | D:3      | Reached XP level 4. HP: 43/49 MP: 4/4
  1794 | D:3      | Reached XP level 5. HP: 49/55 MP: 5/5
  2183 | D:2      | Found a glowing golden altar of the Shining One.
  2241 | D:2      | Reached skill level 5 in Fighting
  2547 | D:2      | Found a shimmering blue altar of Sif Muna.
  2739 | D:2      | Reached skill level 4 in Axes
  2839 | D:2      | Reached XP level 6. HP: 37/66 MP: 6/6
  3891 | D:4      | Noticed Robin
  3908 | D:4      | Reached skill level 4 in Shields
  3912 | D:4      | Reached skill level 5 in Axes
  3912 | D:4      | Reached XP level 7. HP: 43/74 MP: 7/7
  4269 | D:4      | Killed Robin
  4454 | D:4      | Found Uphuloab's General Store.
  4459 | D:4      | Bought a scroll of teleportation for 42 gold pieces
  4459 | D:4      | Bought a potion of curing for 42 gold pieces
  4530 | D:5      | Entered Level 5 of the Dungeon
  4539 | D:5      | Noticed Grinder
  4545 | D:5      | Paralysed by Grinder for 4 turns
  4561 | D:5      | Killed Grinder
  4562 | D:5      | Reached skill level 6 in Fighting
  4562 | D:5      | Reached skill level 4 in Dodging
  4945 | D:5      | Noticed Prince Ribbit
  4957 | D:5      | Killed Prince Ribbit
  4958 | D:5      | Reached XP level 8. HP: 46/84 MP: 8/8
  5245 | D:5      | Reached skill level 6 in Axes
  5514 | D:5      | Found Liniegik's Antique Weapon Shop.
  5515 | D:5      | Found Otapralar's Gadget Boutique.
  5519 | D:5      | Found Jayke's Antique Weapon Shoppe.
  5529 | D:5      | Found Ymethri's Book Shop.
  5533 | D:5      | Noticed Pikel
  5627 | D:5      | Killed Pikel
  5628 | D:5      | Reached skill level 7 in Fighting
  5628 | D:5      | Reached skill level 7 in Axes
  5628 | D:5      | Reached skill level 5 in Dodging
  5628 | D:5      | Reached skill level 5 in Shields
  5869 | D:5      | Found Dauraxt's Distillery.
  5878 | D:5      | Bought a potion of degeneration for 13 gold pieces
  6181 | D:6      | Reached XP level 9. HP: 80/94 MP: 9/9
  6642 | D:6      | Found a shimmering altar of Xom.
  6711 | D:6      | Found a sparkling altar of Nemelex Xobeh.
  6711 | D:6      | Found an opulent altar of Gozag.
  6831 | D:7      | Reached skill level 8 in Fighting
  7137 | D:7      | Reached skill level 8 in Axes
  7488 | D:7      | Found a runed translucent door.
  7488 | D:7      | Noticed Zentennen's ghost (novice OpCj)
  7626 | D:7      | Found a staircase to the Ecumenical Temple.
  7649 | D:7      | Reached skill level 6 in Shields
  7651 | Temple   | Entered the Ecumenical Temple
  7790 | Temple   | Became a worshipper of Warmaster Okawaru
  7924 | D:7      | Reached skill level 6 in Dodging
  8230 | D:7      | Noticed a cyclops
  8230 | D:7      | Noticed a harpy
  8230 | D:7      | Noticed a freezing wraith
  8475 | D:7      | Reached skill level 1 in Invocations
  8705 | D:7      | Reached skill level 9 in Fighting
  8705 | D:7      | Reached XP level 10. HP: 93/107 MP: 9/11
  8786 | D:8      | Noticed Harold
  8812 | D:8      | Killed Harold
  8812 | D:8      | Reached * piety under Okawaru
  8813 | D:8      | Reached skill level 9 in Axes
  8813 | D:8      | Reached skill level 2 in Invocations
  8932 | D:8      | Found a shadowy altar of Dithmenos.
  9107 | D:8      | Found a sand-covered staircase.
  9112 | Ossuary  | Entered an ossuary
  9255 | Ossuary  | Reached ** piety under Okawaru
  9369 | D:8      | Noticed a two-headed ogre
  9376 | D:8      | Killed a two-headed ogre
  9377 | D:8      | Reached skill level 3 in Invocations
  9745 | D:8      | Found a shimmering altar of Xom.
  9776 | D:8      | Found a shimmering altar of Xom.
  9776 | D:8      | Found a shimmering altar of Xom.
  9776 | D:8      | Found a shimmering altar of Xom.
  9782 | D:8      | Found a shimmering altar of Xom.
  9783 | D:8      | Found a shimmering altar of Xom.
  9948 | D:8      | Noticed a salamander
  9966 | D:7      | Reached *** piety under Okawaru
  9971 | D:8      | HP: 27/110 [freezing wraith (4)]
  9971 | D:8      | HP: 13/110 [freezing wraith (14)]
  9973 | D:8      | HP: 3/110 [freezing wraith (15)]
 10350 | D:9      | Reached skill level 10 in Axes
 10363 | D:9      | Reached skill level 10 in Fighting
 10363 | D:9      | Reached skill level 7 in Shields
 10363 | D:9      | Reached skill level 4 in Invocations
 10652 | D:9      | Found a staircase to the Lair.
 10761 | D:9      | Reached XP level 11. HP: 117/117 MP: 14/14
 11150 | D:9      | Found a staircase to the Orcish Mines.
 11300 | D:9      | Found a staircase to the Orcish Mines.
 11466 | D:9      | Reached skill level 7 in Dodging
 12008 | D:2      | Found a blossoming altar of Fedhas.
 12010 | D:2      | Found a broken altar of Ashenzari.
 12010 | D:2      | Found a bloodstained altar of Trog.
 12010 | D:2      | Found a snail-covered altar of Cheibriados.
 12015 | D:2      | Found a glowing silver altar of Zin.
 12196 | D:2      | Found a shimmering blue altar of Sif Muna.
 12382 | D:2      | Found a glowing golden altar of the Shining One.
 12438 | D:2      | Killed Sigmund
 12675 | D:10     | Entered Level 10 of the Dungeon
 12774 | D:10     | Reached skill level 1 in Armour
 12874 | D:10     | Found a transporter.
 12893 | D:10     | Found a transporter.
 12893 | D:10     | Noticed tilp's ghost (novice GnDe)
 13026 | D:10     | Reached **** piety under Okawaru
 13156 | D:10     | Killed an unseen horror
 13247 | D:10     | Found Bebeop's Book Shop.
 13315 | D:10     | Reached skill level 1 in Evocations
 13816 | D:11     | Noticed a five-headed hydra
 13866 | Lair:1   | Entered Level 1 of the Lair of Beasts
 13875 | Lair:1   | Reached skill level 5 in Invocations
 13876 | Lair:1   | Reached skill level 2 in Armour
 14309 | Lair:1   | Reached ***** piety under Okawaru
 14644 | Lair:1   | Reached skill level 11 in Axes
 14776 | Lair:1   | Found a runed translucent gate.
 14776 | Lair:1   | Found a runed translucent gate.
 14776 | Lair:1   | Found a runed translucent gate.
 14780 | Lair:1   | Noticed bmj180's ghost (journeyman DECj)
 14780 | Lair:1   | Noticed Cias's ghost (journeyman GnFi)
 14796 | Lair:1   | Noticed Joseph
 14810 | Lair:1   | Killed Joseph
 14811 | Lair:1   | Reached skill level 2 in Evocations
 15156 | Lair:2   | Reached skill level 11 in Fighting
 15156 | Lair:2   | Reached XP level 12. HP: 97/130 MP: 16/16
 15340 | Lair:2   | Received a gift from Okawaru
 15407 | Lair:2   | Reached skill level 3 in Armour
 15436 | Lair:2   | Found a staircase to the Swamp.
 15444 | Lair:2   | Reached skill level 6 in Invocations
 15745 | Lair:2   | Reached skill level 8 in Shields
 16304 | Lair:3   | Reached skill level 3 in Evocations
 16998 | Lair:4   | Found a staircase to the Snake Pit.
 17009 | Lair:4   | Reached skill level 12 in Axes
 17184 | Lair:4   | Reached ****** piety under Okawaru
 17185 | Lair:4   | Reached skill level 4 in Armour
 17311 | Lair:4   | Reached skill level 7 in Invocations
 17312 | Lair:4   | Reached skill level 12 in Fighting
 17312 | Lair:4   | Reached XP level 13. HP: 125/140 MP: 16/18
 17420 | Lair:4   | Reached skill level 4 in Evocations
 17427 | Lair:4   | Received a gift from Okawaru
 17569 | Lair:4   | Received a gift from Okawaru
 18096 | Lair:5   | Found a gate leading to a gauntlet.
 18118 | Gauntlet | Entered a Gauntlet
 18118 | Gauntlet | Found a transporter.
 18118 | Gauntlet | Found a transporter.
 18124 | Gauntlet | Found a transporter.
 18136 | Gauntlet | Found a transporter.
 18154 | Gauntlet | Found a transporter.
 18154 | Gauntlet | Found a transporter.
 18154 | Gauntlet | Found a transporter.
 18156 | Gauntlet | Found a transporter.
 18156 | Gauntlet | Found a transporter.
 18161 | Gauntlet | Found a runed translucent door.
 18163 | Gauntlet | Noticed a death ooze
 18166 | Gauntlet | Found a runed translucent door.
 18168 | Gauntlet | Found a transporter.
 18184 | Gauntlet | Found a transporter.
 18194 | Gauntlet | Found a transporter.
 18195 | Gauntlet | Noticed a green death
 18209 | Gauntlet | Found a transporter.
 18228 | Gauntlet | Found a transporter.
 18363 | Gauntlet | Got a heavily runed ruby amulet
 18369 | Gauntlet | Killed a death ooze
 18375 | Gauntlet | Identified the amulet "Caukk" {Acrobat *Slow +Fly rPois
                  | Str+8} (You found it in a Gauntlet)
 18385 | Gauntlet | Identified the +6 war axe of the Hierophant {elec, +Rage
                  | rC- Str+3}
 18385 | Gauntlet | Noticed a minotaur
 18397 | Gauntlet | Killed a minotaur
 18398 | Gauntlet | Reached skill level 9 in Shields
 18491 | Lair:5   | Identified 3 scrolls of acquirement
 18491 | Lair:5   | Acquired a manual of Shields
 18497 | Lair:5   | Acquired 1075 gold pieces
 18499 | Lair:5   | Acquired 808 gold pieces
 18665 | D:5      | Bought the +8 mithril axe "Arga" {speed, Will+} for 2131
                  | gold pieces
 18665 | D:5      | Found the +8 mithril axe "Arga" {speed, Will+}
 19257 | Lair:5   | Noticed Nessos
 19276 | Lair:5   | Killed Nessos
 19277 | Lair:5   | Reached skill level 5 in Armour
 19309 | Lair:5   | Reached skill level 13 in Axes
 19309 | Lair:5   | Reached skill level 8 in Invocations
 19471 | Lair:6   | Entered Level 6 of the Lair of Beasts
 19495 | Lair:6   | Received a gift from Okawaru
 19541 | Lair:6   | Reached skill level 5 in Evocations
 19578 | Lair:6   | Noticed Urug
 19592 | Lair:5   | Killed Urug
 19614 | Lair:6   | Noticed Kirke
 19658 | Lair:6   | Killed Kirke
 19659 | Lair:6   | Reached skill level 13 in Fighting
 19659 | Lair:6   | Reached XP level 14. HP: 152/153 MP: 17/20
 19764 | Lair:6   | Reached skill level 10 in Shields
 19806 | Lair:6   | Found a staircase to the Slime Pits.
 20422 | Lair:6   | Reached skill level 9 in Invocations
 20464 | Lair:6   | Received a gift from Okawaru
 20476 | Lair:6   | Reached skill level 14 in Axes
 20488 | Lair:6   | Noticed a dire elephant
 20503 | Lair:6   | Killed a dire elephant
 20520 | Lair:6   | Got a faintly glowing brass ring
 20566 | Lair:6   | Identified the ring "Joral" {rC+ SInv Stlth+} (You found it
                  | on level 6 of the Lair of Beasts)
 20763 | Orc:1    | Entered Level 1 of the Orcish Mines
 20813 | Orc:1    | Found a frozen archway.
 20821 | Orc:1    | Reached skill level 11 in Shields
 20845 | IceCv    | Entered an ice cave
 21142 | IceCv    | Got a bound brass ring
 21310 | IceCv    | Identified the ring "Eloeno" {Ice rElec Str-5 Dex+6 Stlth+}
                  | (You found it in an ice cave)
 21392 | Orc:1    | Reached skill level 14 in Fighting
 21838 | Orc:2    | Entered Level 2 of the Orcish Mines
 21872 | Orc:2    | Reached skill level 10 in Invocations
 21898 | Orc:2    | Reached XP level 15. HP: 149/163 MP: 22/22
 21911 | Orc:2    | Noticed an orc warlord
 21916 | Orc:2    | Found a roughly hewn altar of Beogh.
 21924 | Orc:2    | Received a gift from Okawaru
 21927 | Orc:2    | Killed an orc warlord
 22172 | Orc:2    | Noticed an orc warlord
 22187 | Orc:2    | Killed an orc warlord
 22188 | Orc:2    | Reached skill level 15 in Axes
 22259 | Orc:2    | Found a staircase to the Elven Halls.
 22430 | Orc:2    | Found Qaz Muan's Book Boutique.
 22590 | Orc:2    | Found Raocib's Antique Armour Boutique.
 22631 | Orc:2    | Found Bizatech's General Store.
 22638 | Orc:2    | Bought a scroll of identify for 30 gold pieces
 22638 | Orc:2    | Bought a scroll of identify for 30 gold pieces
 22638 | Orc:2    | Bought a wand of digging (2) for 180 gold pieces
 22749 | D:10     | Bought a manual of Shields for 1545 gold pieces
 22854 | Orc:2    | Found Welar's Antique Weapon Boutique.
 22896 | Orc:1    | Reached skill level 12 in Shields
 23103 | D:11     | Noticed Josephine
 23114 | D:11     | Killed Josephine
 23141 | D:11     | Received a gift from Okawaru
 23245 | D:11     | Found a white marble altar of Elyvilon.
 23279 | D:11     | Found Ygixib Covo's Book Emporium.
 23652 | D:11     | Found a runed translucent gate.
 23652 | D:11     | Found a runed translucent gate.
 23652 | D:11     | Found a runed translucent gate.
 23653 | D:11     | Noticed Scuka's ghost (journeyman DrTm)
 23845 | D:12     | Noticed Snorg
 23860 | D:12     | Killed Snorg
 24814 | D:13     | Acquired the +10 shadow dragon scales of Ysezowag {Will+
                  | Stlth++++}
 24882 | D:13     | Found a gate to the Vaults.
 24901 | D:13     | Reached skill level 1 in Throwing
 24902 | D:13     | Received a gift from Okawaru
 25242 | D:13     | Found Abbeiwot's Antique Weapon Shop.
 25242 | D:13     | Found Paawkeor's Antique Armour Shop.
 25246 | D:13     | Found Icok Qid's Jewellery Shop.
 25247 | D:13     | Found Ymmiutze's Assorted Antiques.
 25264 | D:13     | Bought a scroll of identify for 76 gold pieces
 25268 | D:13     | Bought a cursed ring of teleportation for 49 gold pieces
 25268 | D:13     | Bought a cursed ring of attention for 49 gold pieces
 25906 | D:14     | Received a gift from Okawaru
 25907 | D:14     | Reached skill level 11 in Invocations
 25912 | D:14     | Reached skill level 15 in Fighting
 26041 | D:14     | Reached skill level 2 in Throwing
 26348 | D:14     | Reached skill level 6 in Armour
 26348 | D:14     | Reached XP level 16. HP: 166/176 MP: 24/24
 26795 | D:15     | Entered Level 15 of the Dungeon
 26898 | D:15     | Reached skill level 16 in Axes
 26930 | D:15     | Found a staircase to the Depths.
 26935 | D:15     | Reached skill level 3 in Throwing
 26947 | D:15     | Reached skill level 13 in Shields
 27583 | D:15     | Found a glowing silver altar of Zin.
 27942 | Swamp:1  | Entered Level 1 of the Swamp
 27942 | Swamp:1  | Found a transporter.
 27942 | Swamp:1  | Noticed raph's ghost (journeyman HOFi)
 27970 | Swamp:1  | Reached skill level 4 in Throwing
 28176 | Swamp:1  | Received a gift from Okawaru
 28325 | Swamp:1  | Noticed a fenstrider witch
 28337 | Swamp:1  | Killed a fenstrider witch
 28400 | Swamp:1  | Found a transporter.
 28694 | Swamp:1  | Acquired the +2 hat of the Meadowlark {rCorr Int+2}
 29074 | Swamp:2  | Reached skill level 7 in Armour
 29480 | Swamp:2  | Noticed Jorgrun
 29501 | Swamp:2  | Killed Jorgrun
 29502 | Swamp:2  | Reached skill level 5 in Throwing
 29502 | Swamp:2  | Reached skill level 12 in Invocations
 29502 | Swamp:2  | Reached XP level 17. HP: 187/187 MP: 24/26
 29899 | Swamp:3  | Noticed Xenophilius's ghost (adept HuIE)
 29900 | Swamp:3  | Found a bloodstained altar of Trog.
 29908 | Swamp:3  | Identified the +3 morningstar "Osches" {antimagic, rPois
                  | rF- rC++ Str+4}
 29916 | Swamp:3  | Found a transporter.
 29922 | Swamp:3  | Found a transporter.
 29923 | Swamp:3  | Identified the +10 trident of the Magic Mushroom
                  | {antimagic, rN+ Will+ Str+3}
 30020 | Swamp:3  | Reached skill level 16 in Fighting
 30101 | Swamp:3  | Reached skill level 14 in Shields
 30281 | Swamp:3  | Reached skill level 17 in Axes
 30999 | Snake:1  | Entered Level 1 of the Snake Pit
 31003 | Snake:1  | Received a gift from Okawaru
 31024 | Snake:1  | Upgraded the game from 0.27-a0-249-g74f53ef629 to
                  | 0.27-a0-262-gc50aac273e
 31462 | Snake:1  | Reached skill level 6 in Throwing
 32383 | Snake:2  | Received a gift from Okawaru
 32713 | Snake:2  | Found a runed translucent gate.
 32713 | Snake:2  | Found a runed translucent gate.
 32713 | Snake:2  | Found a runed translucent gate.
 32729 | Snake:2  | Noticed Nahar's ghost (adept DDFi)
 32881 | Snake:2  | Reached skill level 8 in Armour
 32901 | Snake:2  | Killed Nahar's ghost
 32978 | Snake:3  | Noticed Vashnia
 33001 | Snake:3  | Killed Vashnia
 33007 | Snake:3  | Noticed Donald
 33038 | Snake:3  | Killed Donald
 33039 | Snake:3  | Reached skill level 7 in Throwing
 33039 | Snake:3  | Reached XP level 18. HP: 150/198 MP: 23/27
 33307 | Snake:3  | Reached skill level 15 in Shields
 33443 | Snake:3  | Noticed Mara
 33522 | Snake:3  | Reached skill level 18 in Axes
 33658 | Snake:3  | Reached skill level 17 in Fighting
 33724 | Snake:3  | Received a gift from Okawaru
 33808 | Snake:3  | Received a gift from Okawaru
 34325 | Snake:4  | Entered Level 4 of the Snake Pit
 34333 | Snake:4  | Received a gift from Okawaru
 34738 | Snake:4  | Reached skill level 8 in Throwing
 35351 | Snake:4  | Reached skill level 9 in Armour
 35746 | Snake:4  | Reached XP level 19. HP: 178/209 MP: 25/28
 35801 | Snake:4  | Received a gift from Okawaru
 35852 | Snake:4  | Got a serpentine rune of Zot
 36302 | Swamp:4  | Entered Level 4 of the Swamp
 36505 | Swamp:4  | Received a gift from Okawaru
 36659 | Swamp:4  | Gained mutation: Your body sometimes deteriorates upon
                  | taking damage. [a neqoxec]
 36660 | Swamp:4  | Noticed Bai Suzhen
 36672 | Swamp:4  | HP: 47/210 [eight-headed hydra[Bai Suzhen] (8)]
 37038 | Swamp:4  | Reached skill level 16 in Shields
 37407 | Vaults:1 | Entered Level 1 of the Vaults
 37473 | Vaults:1 | Reached skill level 9 in Throwing
 37516 | Vaults:1 | Found Haczy's General Store.
 37518 | Vaults:1 | Found Ompuvvi's General Store.
 37524 | Vaults:1 | Found Bippo's Gadget Boutique.
 37526 | Vaults:1 | Found Tilomic's Assorted Antiques.
 37556 | Vaults:1 | Reached skill level 19 in Axes
 37610 | Vaults:1 | Identified the Papyrus of Bewitching Arcane Weapons
 37794 | Vaults:1 | Found Rycoenahuu's Distillery.
 37804 | Vaults:1 | Bought a potion of resistance for 200 gold pieces
 37943 | Vaults:1 | Received a gift from Okawaru
 38014 | Vaults:1 | Reached skill level 18 in Fighting
 38419 | Vaults:1 | Received a gift from Okawaru
 38563 | Vaults:1 | Got ancient steam dragon scales
 39067 | Vaults:2 | Found a runed translucent door.
 39067 | Vaults:2 | Noticed Juteq's ghost (adept GnGl)
 39192 | Vaults:2 | Received a gift from Okawaru
 39254 | Vaults:2 | Found Ycsodie's Magic Scroll Emporium.
 39272 | Vaults:2 | Bought a scroll of blinking for 112 gold pieces
 39623 | Vaults:2 | Reached skill level 10 in Armour
 39803 | Vaults:2 | Reached XP level 20. HP: 179/223 MP: 27/29
 40055 | Vaults:3 | Reached skill level 10 in Throwing
 40202 | Vaults:3 | Noticed Boris
 40362 | Vaults:3 | Received a gift from Okawaru
 40417 | Vaults:3 | Received a gift from Okawaru
 40545 | Vaults:3 | Reached skill level 17 in Shields
 40641 | Vaults:3 | Found a staircase to the Crypt.
 40641 | Vaults:3 | Found a basalt altar of Yredelemnul.
 40641 | Vaults:3 | Found an ancient bone altar of Kikubaaqudgha.
 40810 | Vaults:3 | Received a gift from Okawaru
 40902 | Vaults:3 | Received a gift from Okawaru
 40955 | Vaults:3 | You fall into a shaft and drop 1 floor!
 41055 | Vaults:4 | Received a gift from Okawaru
 41149 | Vaults:4 | Reached skill level 20 in Axes
 41581 | Vaults:4 | Received a gift from Okawaru
 41691 | Vaults:4 | Received a gift from Okawaru
 41692 | Vaults:4 | Reached skill level 19 in Fighting
 41829 | Vaults:4 | Found the +8 glaive of the Guard {elec, spectral, AC+5}
 41839 | Vaults:4 | Reached XP level 21. HP: 152/234 MP: 30/30
 42603 | Vaults:4 | Reached skill level 11 in Throwing
 43251 | Swamp:4  | Noticed Roxanne
 43303 | Swamp:4  | Killed Bai Suzhen
 43303 | Swamp:4  | Received a gift from Okawaru
 43417 | Swamp:4  | Reached skill level 11 in Armour
 43432 | Swamp:4  | Received a gift from Okawaru
 43534 | Swamp:4  | Reached skill level 18 in Shields
 43768 | Swamp:4  | Got a decaying rune of Zot
 44307 | Depths:1 | Entered Level 1 of the Depths
 44307 | Depths:1 | Noticed Nikola
 44326 | Depths:1 | Killed Nikola
 45110 | Depths:1 | Found a portal to a secret trove of treasure.
 45245 | Depths:1 | Found a broken altar of Ashenzari.
 45276 | Depths:1 | Found a gateway to Hell.
 45520 | Depths:2 | Noticed Asterion
 45537 | Depths:2 | Killed Asterion
 45693 | Depths:2 | Received a gift from Okawaru
 45715 | Depths:2 | Noticed the Enchantress
 45734 | Depths:2 | Reached skill level 21 in Axes
 45745 | Depths:1 | Killed the Enchantress
 46201 | Depths:2 | Reached XP level 22. HP: 181/247 MP: 31/31
 46563 | Depths:2 | Found a one-way gate leading to the halls of Pandemonium.
 47063 | Depths:3 | Found a gateway to a ziggurat.
 47103 | Depths:3 | Found Lexkaich's Assorted Antiques.
 47115 | Depths:3 | Reached skill level 12 in Throwing
 47237 | Depths:3 | Gained mutation: Your mind is acute. (Int +2) [a cacodemon]
 47239 | Depths:3 | Gained mutation: Scrolls take you a little longer to read.
                  | [a cacodemon]
 47246 | Depths:3 | Reached skill level 20 in Fighting
 47433 | Depths:3 | Received a gift from Okawaru
 47802 | Depths:3 | You fall into a shaft and drop 2 floors!
 47802 | Depths:5 | Entered Level 5 of the Depths
 47802 | Depths:5 | Found a gate to the Realm of Zot.
 47840 | Depths:5 | Reached skill level 12 in Armour
 48190 | Depths:5 | Upgraded the game from 0.27-a0-262-gc50aac273e to
                  | 0.27-a0-277-g024f7ef292
 48234 | Depths:5 | Found a one-way gate to the infinite horrors of the Abyss.
 48259 | Depths:5 | Found a magical portal.
 48285 | Depths:5 | Received a gift from Okawaru
 48302 | WizLab   | Entered The Chambers of the Cloud Mage
 48787 | WizLab   | Identified the ring "Macrijorgh" {+Fly rC+}
 49194 | WizLab   | Identified the Collected Works on Weightlessness
 49606 | Depths:5 | Noticed a golden dragon
 49619 | Depths:5 | Killed a golden dragon
 49619 | Depths:5 | Received a gift from Okawaru
 49620 | Depths:5 | Reached skill level 22 in Axes
 49713 | Depths:5 | Reached XP level 23. HP: 70/257 MP: 32/32
 50043 | Depths:5 | Received a gift from Okawaru
 50241 | Depths:5 | Received a gift from Okawaru
 50244 | Depths:5 | Got a faintly humming tower shield {god gift}
 50255 | Depths:5 | Identified the +0 tower shield of the Circus Animal {+Inv}
                  | (Okawaru gifted it to you on level 5 of the Depths)
 51080 | Depths:4 | Reached skill level 21 in Fighting
 51104 | Depths:4 | Reached skill level 19 in Shields
 51754 | Depths:4 | Noticed Saint Roka
 51779 | Depths:4 | Killed Saint Roka
 52102 | Depths:4 | Identified the Volume of Aerial Transmigration
 52391 | Depths:4 | Received a gift from Okawaru
 52406 | Depths:4 | Found a large runed translucent door.
 52406 | Depths:4 | Found a large runed translucent door.
 52408 | Depths:4 | Noticed Evulen's ghost (veteran TeCj)
 52815 | Depths:4 | Found a runed translucent door.
 53377 | Vaults:4 | Reached skill level 8 in Dodging
 53377 | Vaults:4 | Reached XP level 24. HP: 270/270 MP: 32/32
 53383 | Vaults:5 | Entered Level 5 of the Vaults
 53391 | Vaults:5 | Reached skill level 13 in Armour
 53443 | Vaults:5 | Received a gift from Okawaru
 53444 | Vaults:5 | Reached skill level 23 in Axes
 53446 | Vaults:5 | Reached XP level 25. HP: 214/279 MP: 29/32
 54203 | Vaults:5 | Received a gift from Okawaru
 54227 | Vaults:5 | Upgraded the game from 0.27-a0-277-g024f7ef292 to
                  | 0.27-a0-291-gd9602db6ee
 54424 | Vaults:5 | Found the +9 staff of Wucad Mu {*channel}
 54722 | Vaults:5 | Reached skill level 9 in Dodging
 54812 | Vaults:5 | Got a silver rune of Zot
 54920 | Vaults:5 | Noticed an ancient lich
 54939 | Vaults:5 | Killed an ancient lich
 54940 | Vaults:5 | Reached skill level 22 in Fighting
 54956 | Vaults:5 | Received a gift from Okawaru
 55292 | Vaults:5 | Reached skill level 13 in Throwing
 55701 | Vaults:5 | Got a flickering amber ring
 55941 | Vaults:5 | Identified the ring "Saimap" {Int+2 Dex+6 Slay+3} (You
                  | found it on level 5 of the Vaults)
 56345 | Elf:1    | Entered Level 1 of the Elven Halls
 57114 | Elf:1    | Reached XP level 26. HP: 286/292 MP: 32/32
 57693 | Elf:2    | Found Deamp's Distillery.
 57752 | Elf:2    | Bought 2 potions of might for 104 gold pieces
 57752 | Elf:2    | Bought a potion of haste for 130 gold pieces
 57752 | Elf:2    | Bought a potion of haste for 130 gold pieces
 57752 | Elf:2    | Bought a potion of might for 52 gold pieces
 58014 | Elf:2    | Found a huge runed translucent gate.
 58014 | Elf:2    | Found a huge runed translucent gate.
 58014 | Elf:2    | Found a huge runed translucent gate.
 58014 | Elf:2    | Found a huge runed translucent gate.
 58015 | Elf:2    | Found a huge runed translucent gate.
 58022 | Elf:2    | Reached skill level 10 in Dodging
 58162 | Elf:2    | Received a gift from Okawaru
 58504 | Elf:2    | Received a gift from Okawaru
 58635 | Elf:3    | Entered Level 3 of the Elven Halls
 58702 | Elf:3    | Received a gift from Okawaru
 59145 | Elf:3    | Reached skill level 24 in Axes
 59200 | Elf:3    | Reached skill level 14 in Armour
 59701 | Elf:3    | Received a gift from Okawaru
 59702 | Elf:3    | Reached skill level 20 in Shields
 59871 | Elf:3    | Identified the ring of Luniwa {+Fly rF+ rC++ Int+6 Stlth+}
 60124 | Elf:3    | Identified the ring "Wedefump" {Fire Str+2}
 60219 | Elf:3    | Identified the +5 long sword of Pomerat {drain, rPois rN+
                  | MP+9 Str-3 Stlth+}
 60219 | Elf:3    | Identified the cursed +1 plate armour of Vehumet's Favour
                  | {+Inv}
 60385 | Elf:3    | Identified the Handbook of Sinister Rituals and the Rocks
 60389 | Elf:3    | Identified the +8 whip "Miorar" {freeze, Str+3 Stlth+}
 60950 | Crypt:1  | Entered Level 1 of the Crypt
 61013 | Crypt:1  | Reached skill level 14 in Throwing
 61415 | Crypt:1  | Received a gift from Okawaru
 61423 | Crypt:1  | Reached XP level 27. HP: 256/302 MP: 32/32
 61942 | Crypt:2  | Reached skill level 11 in Dodging
 61973 | Crypt:2  | Reached skill level 23 in Fighting
 62114 | Crypt:2  | Found a huge runed gate.
 62115 | Crypt:2  | Found a huge runed gate.
 62116 | Crypt:2  | Found a huge runed gate.
 62201 | Crypt:2  | Found a huge runed gate.
 62202 | Crypt:2  | Found a huge runed gate.
 62202 | Crypt:2  | Found a huge runed gate.
 62203 | Crypt:2  | Found a huge runed gate.
 62203 | Crypt:2  | Found a huge runed gate.
 62204 | Crypt:2  | Found a huge runed gate.
 62204 | Crypt:2  | Found a huge runed gate.
 62211 | Crypt:2  | Found a huge runed gate.
 62211 | Crypt:2  | Found a huge runed gate.
 62215 | Crypt:2  | Found a huge runed gate.
 62216 | Crypt:2  | Found a huge runed gate.
 62216 | Crypt:2  | Found a huge runed gate.
 62217 | Crypt:2  | Found a huge runed gate.
 62217 | Crypt:2  | Found a huge runed gate.
 62219 | Crypt:2  | Found a huge runed gate.
 62349 | Crypt:2  | Found a huge runed gate.
 62349 | Crypt:2  | Found a huge runed gate.
 62349 | Crypt:2  | Found a huge runed gate.
 62351 | Crypt:2  | Found a huge runed gate.
 62584 | Crypt:3  | Entered Level 3 of the Crypt
 63072 | Crypt:3  | Found the +10 tower shield of Ignorance {rN+ Int-4}
 63197 | Crypt:3  | Found an ancient bone altar of Kikubaaqudgha.
 63306 | Crypt:3  | Found the brooch of Shielding {Spirit SH+8}
 63306 | Crypt:3  | Noticed a dread lich
 63315 | Crypt:3  | Killed a dread lich
 63325 | Crypt:3  | Identified the Compendium of Lethal Air
 63327 | Crypt:3  | Identified the Papyrus of the Compass and Envenoming
 63441 | Crypt:3  | Received a gift from Okawaru
 63614 | Crypt:3  | Received a gift from Okawaru
 63631 | Crypt:3  | Got an ancient robe {god gift}
 63897 | Crypt:3  | Found a staircase to the Tomb.
 64636 | Zot:1    | Entered Level 1 of the Realm of Zot
 64668 | Depths:5 | HP: 67/298 [green draconian knight/+0 great sword (13)]
 64673 | Depths:5 | HP: 68/303 [poisoned by a yellow draconian]
 64678 | Depths:5 | HP: 70/303 [poisoned by a yellow draconian]
 65098 | Zot:1    | Reached skill level 25 in Axes
 65571 | Zot:1    | Noticed an orb of fire
 65578 | Zot:1    | Gained mutation: Armour fits poorly on your strangely
                  | shaped body. [an orb of fire]
 65584 | Zot:1    | Gained mutation: You are weak. (Str -2) [an orb of fire]
 65595 | Zot:1    | Killed an orb of fire
 65596 | Zot:1    | Reached skill level 12 in Dodging
 65646 | Zot:1    | Reached skill level 15 in Throwing
 65858 | Zot:1    | Received a gift from Okawaru
 65865 | Zot:1    | Reached skill level 15 in Armour
 66221 | Zot:1    | Acquired 977 gold pieces
 67117 | Zot:2    | HP: 65/308 [storm dragon/bolt of lightning (33)]
 67124 | Zot:2    | Received a gift from Okawaru
 67271 | Zot:2    | Reached skill level 24 in Fighting
 67767 | Zot:2    | Received a gift from Okawaru
 67770 | Zot:2    | Got an ichor-stained robe {god gift}
 67924 | Zot:2    | Noticed a dread lich
 67944 | Zot:2    | Killed a dread lich
 68406 | Zot:3    | Found a shadowy altar of Dithmenos.
 68750 | Zot:3    | Reached skill level 21 in Shields
 69020 | Zot:3    | Found a huge runed gate.
 69020 | Zot:3    | Found a huge runed gate.
 69023 | Zot:3    | Found a huge runed gate.
 69024 | Zot:3    | Found a huge runed gate.
 69024 | Zot:3    | Found a huge runed gate.
 69024 | Zot:3    | Found a huge runed gate.
 69024 | Zot:3    | Found a huge runed gate.
 69024 | Zot:3    | Found a huge runed gate.
 69025 | Zot:3    | Found a huge runed gate.
 69036 | Zot:3    | Found a huge runed gate.
 69036 | Zot:3    | Found a huge runed gate.
 69036 | Zot:3    | Found a huge runed gate.
 69036 | Zot:3    | Found a huge runed gate.
 69036 | Zot:3    | Found a huge runed gate.
 69089 | Zot:3    | Found a huge runed gate.
 69090 | Zot:3    | Found a huge runed gate.
 69091 | Zot:3    | Found a huge runed gate.
 69095 | Zot:3    | Found a huge runed gate.
 69098 | Zot:3    | Found a huge runed gate.
 69098 | Zot:3    | Found a huge runed gate.
 69098 | Zot:3    | Found a huge runed gate.
 69098 | Zot:3    | Found a huge runed gate.
 69098 | Zot:3    | Found a huge runed gate.
 69098 | Zot:3    | Found a huge runed gate.
 69099 | Zot:3    | Found a huge runed gate.
 69100 | Zot:3    | Found a huge runed gate.
 69154 | Zot:3    | Found a huge runed gate.
 69154 | Zot:3    | Found a huge runed gate.
 69154 | Zot:3    | Found a huge runed gate.
 69253 | Zot:3    | Reached skill level 13 in Dodging
 69607 | Zot:3    | Acquired a manual of Dodging
 69701 | Zot:4    | Identified the Grimoire of the Ashen Birds
 69773 | Zot:4    | Reached skill level 26 in Axes
 69860 | Zot:4    | Received a gift from Okawaru
 69971 | Zot:4    | Reached skill level 16 in Throwing
 70616 | Zot:5    | Entered Level 5 of the Realm of Zot
 70631 | Zot:5    | Received a gift from Okawaru
 70680 | Zot:5    | Noticed ma3's ghost (legendary GnWn)
 70874 | Zot:5    | Found a runed translucent gate.
 70874 | Zot:5    | Found a runed translucent gate.
 70876 | Zot:5    | Found a runed translucent gate.
 71358 | Zot:5    | Reached skill level 14 in Dodging
 71679 | Zot:5    | Noticed an orb of fire
 71685 | Zot:5    | Gained mutation: You do not regenerate when monsters are
                  | visible. [an orb of fire]
 71696 | Zot:5    | Gained mutation: Your magical capacity is low. (-10% MP)
                  | [an orb of fire]
 71702 | Zot:5    | Killed an orb of fire
 71702 | Zot:5    | Received a gift from Okawaru
 71705 | Zot:5    | Got a fine kite shield {god gift}
 71708 | Zot:5    | Identified the +1 kite shield "Ettya" {Rampage Will+ Int+4}
                  | (Okawaru gifted it to you on level 5 of the Realm of Zot)
 71714 | Zot:5    | Noticed an orb of fire
 71833 | Zot:5    | Reached skill level 16 in Armour
 71848 | Zot:5    | Noticed an orb of fire
 71850 | Zot:5    | Noticed an orb of fire
 71852 | Zot:5    | Lost mutation: Your mind is acute. (Int +2) [an orb of
                  | fire]
 71860 | Zot:5    | Noticed an orb of fire
 71869 | Zot:5    | HP: 68/312 [orb of fire/bolt of fire (26)]
 71871 | Zot:5    | Gained mutation: You are frail. (-10% HP) [an orb of fire]
 71872 | Zot:5    | HP: 25/280 [orb of fire/fireball (10)]
 71872 | Zot:5    | HP: 2/280 [orb of fire/fireball (23)]
 71875 | Zot:5    | Killed from afar by an orb of fire

Illustrated notes

Levels and vault maps discovered:
D:1:      tarquinn_simple_flora_water_c, layout_basic, minmay_lizard_pond
D:2:      cheibrodos_pilgrimage, layout_loops_ring,
          lemuel_coloured_pillars_altar, grunt_temple_overflow_open,
          led_sif_pool, uniq_sigmund, uniq_terence
D:3:      minmay_inner_zag, layout_basic, serial_forest,
          infiniplex_forest_corner_1, infiniplex_forest_straight_5,
          infiniplex_forest_lined_room_2, infiniplex_forest_clump_curved,
          infiniplex_forest_straight_2, infiniplex_forest_end_3,
          infiniplex_forest_lined_room_
D:4:      layout_cave_pools, serial_shops, shop, uniq_robin
D:5:      layout_cave_pools, serial_shops, nicolae_shop_stone,
          nicolae_shop_competitors_out_of_business, shop,
          nicolae_shop_window_shopping, shop, hangedman_decor_push, uniq_pikel,
          uniq_prince_ribbit1, uniq_grinder
D:6:      layout_basic, grunt_temple_overflow_opulence, general_overflow_altar
D:7:      minmay_klotski, layout_basic, minmay_temple_entry_stoned_glass,
          hellmonk_ghost_happy_afterlife
D:8:      layout_cave_pods, kennysheep_mini_moat,
          nicolae_ossuary_entry_catacombs, xom_shifter_show, uniq_harold
D:9:      layout_irregular_city, erik_lair_island
D:10:     layout_basic, gammafunk_ghost_hive, serial_shops, shop, special_room
          [special_room_bee], chequers_arboretum
D:11:     layout_irregular_city, gammafunk_ghost_nasty_kobolds, serial_shops,
          shop_coins, serial_rivers, chequers_serial_rivers_micro_b,
          chequers_serial_rivers_micro_b, chequers_serial_rivers_small_b,
          chequers_serial_rivers_small_3, chequers_serial_rivers_micro_d,
          chequers_serial_rivers_small_a, elyvilon_altar_4, uniq_josephine
D:12:     layout_long_grid, uniq_snorg
D:13:     layout_grid_maze, lightli_vaults_fourway_checkpoint,
          chequers_big_river, minmay_shop_grid_forest, serial_bayou_pond_d,
          lemuel_freeze_loot_1
D:14:     layout_basic, minmay_misc_feat_plants
D:15:     gammafunk_depths_entry_grave, layout_rooms, zin_angel,
          interstate_on_off, onia_ninara_cookie
Temple:   minmay_temple_curvy_loop
Lair:1:   layout_layer_cave, gammafunk_ghost_cemetery,
          nicolae_quartered_pool_little, uniq_joseph
Lair:2:   layout_chaotic_city, skrybe_swamp_entry_bodies
Lair:3:   layout_roguey, grunt_megastairs_5
Lair:4:   layout_cave_pods, guppyfry_snake_entry_garden, beast_lair_carwin_4
Lair:5:   layout_regular_city, gauntlet_entry_generic, uniq_nessos
Lair:6:   grunt_lair_end_beastmaster, layout_hall_layers,
          nicolae_slime_entry_slimehenge, patterned_corridor, uniq_urug,
          uniq_kirke
Swamp:1:  layout_basic_swamp, gammafunk_ghost_mausoleum,
          evilmike_swamp_ruin_house_3
Swamp:2:  layout_falls_marsh, infiniplex_staircase_pool, uniq_jorgrun
Swamp:3:  cheibrodos_swamp_tower_of_moss, layout_basic_swamp,
          gammafunk_ghost_wrathful_warriors, hangedman_swamp_ruin_hall
Swamp:4:  nzn_swamp_witches_coven, layout_basic_swamp, uniq_roxanne,
          uniq_bai_suzhen
Snake:1:  layout_grid_shapes, nicolae_snake_serpentine_hallways
Snake:2:  layout_onion, special_room, gammafunk_ghost_necromancy, drop_trap
Snake:3:  layout_chambers, uniq_vashnia, uniq_donald, uniq_mara
Snake:4:  snake_pit, layout_rooms
Orc:1:    layout_caves, portal_ice_cave_entry_ice_beasts, special_room
          [special_room_orc]
Orc:2:    grunt_orc_cross, layout_caves, minmay_orc_barracks
Elf:1:    elf_arrival_002, layout_loops_cross, minivault_28
Elf:2:    layout_loops_corners, serial_shops, shop, grunt_ministairs_11,
          st_stairs_14, einodemon_armed_red_devil_minivault
Elf:3:    minmay_elf_hall_hex, layout_gridlike, st_stairs_10
Vaults:1: hangedman_vaults_cutoff, v_misc_12, vaults_mumra_hexcomb,
          nicolae_vaults_alarming, v_misc_15, ontoclasm_vaults_fault, v_misc_27,
          vaults_room_glass_cross, nicolae_vaults_little_squares_2,
          dpeg_vaults_monster_box, layout_vaults_omnigrid, serial_shops, shop,
          nicolae_shop_statue_plus, shop, shop, nicolae_shop_waterfront
Vaults:2: gammafunk_vaults_ghost_grave, nicolae_vaults_yaktaur_gun_rack,
          grunt_vaults_twisty, v_misc_22, ontoclasm_vaults_hangar,
          vaults_dpeg_encased_lava, hangedman_vaults_pinch,
          ontoclasm_vaults_ring_large, vaults_mumra_minichess_inversion,
          nicolae_vaults_gold_heap, ontoclasm_vaults_twist,
          hangedman_vaults_slice, layout_vaults_omnicross, serial_shops,
          nicolae_shop_stone
Vaults:3: v_misc_11, minmay_crypt_entry_necro_gods, ontoclasm_vaults_pinch,
          hangedman_vaults_stretched_pinwheel, nicolae_vaults_disjoint_gnomons,
          v_misc_33, grunt_vaults_trifunnel, v_misc_2, v_misc_18,
          nicolae_vaults_little_ls, nicolae_vaults_little_squares_2,
          grunt_vaults_hallway_short, grunt_vaults_hallway_long,
          layout_vaults_maze, uniq_boris
Vaults:4: hangedman_vaults_corner, v_misc_8, vaults_room_corners, v_misc_31,
          hangedman_vaults_stretched_pinwheel, nicolae_vaults_shelves_hall,
          nicolae_vaults_mini_display_case, grunt_vaults_diagonal,
          nicolae_vaults_big_angled_halls, hangedman_vaults_cutoff,
          hangedman_vaults_slice, serial_ice_h,
          minmay_guarded_unrand_guard_vaults, layout_vaults_omnibox
Vaults:5
Crypt:1:  layout_basic
Crypt:2:  layout_misc_corridors, door_vault
Crypt:3:  evilmike_haunted_forest
Depths:1: layout_gridville, ashenzari_altar_1, lightli_too_deep, enter_trove_2,
          hangedman_decor_growths, hex_large, minivault_15,
          serial_sigils_hangedman_leer, evilmike_butchery, uniq_nikola
Depths:2: gammafunk_mikee_crab_dinner, layout_cave_pools,
          rand_demon_pan_entry_9, minmay_misc_feat_five,
          pf_vacation_house_of_asmodeus, drop_trap, uniq_asterion,
          uniq_enchantress
Depths:3: minmay_connected_boxes_in_corner, layout_basic, enter_ziggurat_e,
          kennysheep_cluttered_room, rand_demon_pan_entry_3, pf_coc_iceberg,
          serial_shops, shop_statue, infiniplex_staircase_pillars_1
Depths:4: thingy_vault_2, layout_long_grid, pf_hell_entry_tar_spiral,
          ebering_ghost_disaster_area, abyss_entry, hangedman_decor_peaks_small,
          infiniplex_staircase_hallway_doors, uniq_saint_roka
Depths:5: grunt_zot_entry_bicorn, layout_basic, hell_entry,
          hangedman_abyss_entry_splay, serial_sigils_hangedman_etch,
          infiniplex_enter_wizlab_water, amcnicky_mini_rare_corridor_liquid,
          serial_bayou_shore_a
Zot:1:    layout_onion, st_stairs_5, zot_minivault_5
Zot:2:    layout_basic, st_stairs_3, drop_trap, nzn_random_ring,
          grunt_megastairs_2
Zot:3:    layout_basic, basic_altar, not_door_vault_due
Zot:4:    layout_twisted_circle
Zot:5:    layout_twisted_circle, gammafunk_ghost_split

Skill      XL: |  1  2  3  4  5  6  7  8  9 10 11 12 13 14 15 16 17 18 19 20 21 22 23 24 25 26 27 |
---------------+----------------------------------------------------------------------------------+-----
Shields        | 3 4 5 6 7 8 9 11 12 13 14 15 16 17 18 19 20 21 | 21.4
Dodging        | 3 4 5 6 7 8 9 10 14 | 14.4
Axes           | 3 4 5 7 8 10 11 12 13 14 15 16 17 18 19 20 21 22 23 24 26 | 26.5
Fighting       | 5 6 7 9 10 11 12 13 14 15 16 17 18 19 20 21 22 24 | 24.9
Invocations    | 1 4 5 7 8 10 11 12 | 12.0
Armour         | 2 4 5 6 7 8 9 10 11 12 13 14 16 | 16.0
Evocations     | 2 3 5 |  5.0
Throwing       | 2 5 7 8 9 10 11 12 13 14 16 | 16.4

Action                   |  1- 3 |  4- 6 |  7- 9 | 10-12 | 13-15 | 16-18 | 19-21 | 22-24 | 25-27 || total
-------------------------+-------+-------+-------+-------+-------+-------+-------+-------+-------++-------
Melee: War axe           |    77 |   153 |    26 |       |       |       |       |       |       ||   256
       Broad axe         |       |       |   207 |   525 |   989 |  1261 |  1276 |   874 |  2591 ||  7723
       Scimitar          |       |       |       |       |       |     9 |       |       |       ||     9
Throw: Large rock        |       |       |       |       |       |     3 |    13 |       |    25 ||    41
Invok: Heroism           |       |       |       |    11 |    20 |    22 |    24 |    16 |    40 ||   133
       Finesse           |       |       |       |       |     1 |     1 |     2 |     5 |     8 ||    17
 Abil: Evoke Flight      |       |       |       |       |       |       |       |     1 |       ||     1
Evoke: Wand              |       |       |     1 |    21 |    23 |     8 |       |     1 |     2 ||    56
       Condenser vane    |       |       |       |       |       |       |     1 |       |     3 ||     4
       Box of beasts     |       |       |       |       |       |       |       |       |     1 ||     1
  Use: Potion            |       |     4 |     2 |     2 |     1 |       |     2 |     7 |     7 ||    25
       Scroll            |       |       |    18 |    14 |    13 |     1 |     6 |     4 |    15 ||    71
 Stab: Paralysed         |       |       |     4 |     3 |     6 |       |       |       |       ||    13
       Invisible         |       |       |     2 |       |       |       |       |       |       ||     2
       Sleeping          |       |       |       |       |     3 |    16 |    19 |     4 |    18 ||    60
       Distracted        |       |       |       |       |       |     3 |     3 |     2 |     5 ||    13
Armor: Robe              |    21 |    37 |    62 |    56 |       |       |       |       |       ||   176
       Troll leather arm |       |       |       |   120 |    61 |       |       |       |       ||   181
       Ice dragon scales |       |       |       |       |    65 |       |       |       |       ||    65
       Shadow dragon sca |       |       |       |       |    15 |   303 |   267 |   245 |   406 ||  1236
Dodge: Dodged            |    25 |    63 |    91 |   175 |   162 |   228 |   282 |   197 |   420 ||  1643
       Repelled          |       |       |       |       |       |     4 |       |       |       ||     4
Block: Kite shield       |    44 |    79 |   111 |       |       |   217 |   542 |   384 |   520 ||  1897
       Tower shield      |       |       |    48 |   520 |   696 |   572 |       |       |  1067 ||  2903
       Reflection        |       |       |       |       |       |    69 |    49 |    15 |    71 ||   204
       Rpst.: Scimitar   |       |       |       |       |       |     1 |       |       |       ||     1

Table legend: (Time is in decaauts)
 A = Elapsed time spent in this place.
 B = Non-inter-level travel time spent in this place.
 C = Inter-level travel time spent in this place.
 D = Time resting spent in this place.
 E = Time spent auto-exploring this place.
 F = Levels seen in this place.
 G = Mean time per level.
                   A        B        C        D        E       F      G
               +--------+--------+--------+--------+--------+-----+--------+
         Total |  69351 |  63361 |   5990 |  15125 |  34742 |  57 | 1216.7 |
       Dungeon |  19833 |  17041 |   2792 |   3715 |   9891 |  15 | 1322.2 |
        Temple |    150 |    140 |     10 |      0 |    123 |   1 |  150.0 |
          Lair |   7087 |   6387 |    700 |    976 |   4280 |   6 | 1181.2 |
         Swamp |   4672 |   4329 |    343 |   1275 |   1855 |   4 | 1168.0 |
     Snake Pit |   4766 |   4600 |    166 |    575 |   2822 |   4 | 1191.5 |
  Orcish Mines |   1683 |   1509 |    174 |    360 |    774 |   2 |  841.5 |
   Elven Halls |   3822 |   3692 |    130 |    932 |   1873 |   3 | 1274.0 |
        Vaults |   8247 |   7133 |   1114 |   1316 |   4413 |   5 | 1649.4 |
         Crypt |   3040 |   2903 |    137 |    370 |   1917 |   3 | 1013.3 |
        Depths |   7670 |   7366 |    304 |   3162 |   3011 |   5 | 1534.0 |
           Zot |   6329 |   6212 |    117 |   1897 |   3014 |   5 | 1265.8 |
       Ossuary |    244 |    244 |      0 |      0 |    124 |   1 |  244.0 |
      Ice Cave |    502 |    502 |      0 |    100 |    227 |   1 |  502.0 |
        Wizlab |   1011 |   1011 |      0 |    423 |    280 |   1 | 1011.0 |
      Gauntlet |    290 |    290 |      0 |     20 |    134 |   1 |  290.0 |
               +--------+--------+--------+--------+--------+-----+--------+

Top non-repeatable levels by time:
Depths:5: 2475 daAuts
Vaults:5: 2062 daAuts
     D:9: 1906 daAuts
     D:3: 1841 daAuts
     D:2: 1839 daAuts
   Elf:3: 1778 daAuts
Vaults:1: 1761 daAuts
Vaults:4: 1716 daAuts
Depths:1: 1675 daAuts
   Zot:1: 1587 daAuts
Depths:4: 1575 daAuts
  Lair:2: 1570 daAuts
   Zot:2: 1546 daAuts
 Crypt:3: 1496 daAuts
 Snake:4: 1476 daAuts

Table legend:
 A = Kills in this place as a percentage of kills in entire the game.
 B = Kills by you in this place as a percentage of kills by you in the entire game.
 C = Kills by friends in this place as a percentage of kills by friends in the entire game.
 D = Other kills in this place as a percentage of other kills in the entire game.
 E = Experience gained in this place as a percentage of experience gained in the entire game.
 F = Experience gained in this place divided by the number of levels of this place that you have seen.
                   A       B       C       D       E      F
               +-------+-------+-------+-------+-------+----------------------
         Total | 100.0 | 100.0 | 100.0 | 100.0 | 100.0 | 28861.0
       Dungeon |  20.2 |  20.2 | 100.0 |  20.0 |   4.3 | 4733.1
          Lair |   6.9 |   6.9 |   0.0 |   0.0 |   3.2 | 8817.5
         Swamp |   5.5 |   5.5 |   0.0 |  40.0 |   5.7 | 23557.2
     Snake Pit |   8.8 |   8.8 |   0.0 |   0.0 |   7.6 | 31084.8
  Orcish Mines |   6.5 |   6.5 |   0.0 |   0.0 |   1.2 | 10239.5
   Elven Halls |   7.4 |   7.5 |   0.0 |   0.0 |   9.2 | 50510.0
        Vaults |  14.8 |  14.8 |   0.0 |   0.0 |  19.6 | 64333.0
         Crypt |   7.2 |   7.2 |   0.0 |   0.0 |   7.7 | 42111.3
        Depths |  11.0 |  10.9 |   0.0 |  40.0 |  15.0 | 49202.4
           Zot |   9.1 |   9.1 |   0.0 |   0.0 |  24.8 | 81578.0
       Ossuary |   0.4 |   0.4 |   0.0 |   0.0 |   0.0 | 194.0
      Ice Cave |   0.8 |   0.8 |   0.0 |   0.0 |   0.3 | 5451.0
        Wizlab |   1.1 |   1.1 |   0.0 |   0.0 |   1.2 | 20077.0
      Gauntlet |   0.2 |   0.2 |   0.0 |   0.0 |   0.2 | 2976.0
               +-------+-------+-------+-------+-------+----------------------
